 Dungeon Crawl Stone Soup version 0.24-a0-307-gf989941 (webtiles) character file.

Game seed: 5007821285630355648

134 Aske the Slasher (level 5, -2/48 HPs)
             Began as a Gargoyle Gladiator on May 12, 2019.
             Slain by an orc
             ... wielding a +0 dagger
              (3 damage)
             ... on level 3 of the Dungeon.
             The game lasted 00:02:43 (1987 turns).

Aske the Slasher (Gargoyle Gladiator)               Turns: 1987, Time: 00:02:43

Health: -2/48      AC: 22    Str: 14 (17) XL:     5   Next: 17%
Magic:  5/5        EV:  2    Int:  7 (9)  God:
Gold:   105        SH:  0    Dex: 10 (12) Spells: 4/4 levels left

rFire    . . .     SeeInvis .   b - +0 dagger (drain)
rCold    . . .     Gourm    .   (no shield)
rNeg     + + +     Faith    .   (armour currently unavailable)
rPois    ∞         Spirit   .   (helmet currently unavailable)
rElec    .         Reflect  .   (cloak currently unavailable)
rCorr    .         Harm     .   (gloves currently unavailable)
MR       .....     NoTele   +   (boots currently unavailable)
Stlth    +.........             (no amulet)
HPRegen  0.16/turn              (no ring)
MPRegen  0.09/turn              (no ring)

@: tree-form
A: negative energy resistance 1, petrification resistance, rot immunity, AC +4
a: no special abilities


You were on level 3 of the Dungeon.
You were not hungry.
You were a tree.
You visited 1 branch of the dungeon, and saw 3 of its levels.

You collected 105 gold pieces.

Inventory:

Hand Weapons
 a - a +0 long sword
 b - a +0 dagger of draining (weapon)
Missiles
 d - 3 throwing nets (quivered)
Armour
 c - a +0 helmet (melded)
 n - a +0 leather armour (melded)
Scrolls
 g - a scroll of noise {unknown}
 h - a scroll of enchant weapon {unknown}
 i - 9 scrolls of identify {unknown}
 o - a scroll of immolation {unknown}
 p - a scroll of random uselessness {unknown}
Comestibles
 f - 6 rations
 l - 2 chunks of flesh


   Skills:
 + Level 3.0 Fighting
 * Level 3.6 Long Blades
 - Level 1.7 Throwing
 + Level 2.0 Armour
 * Level 3.3 Dodging


You had 4 spell levels left.
You didn't know any spells.
Your spell library was empty.

Dungeon Overview and Level Annotations

Branches:
Dungeon (3/15)

Altars:
Uskayaw
Xom


Innate Abilities, Weirdness & Mutations

You are resistant to torment.
((Your stone body is resilient. (AC +4)))
You are immune to poison.
You resist negative energy. (rN+)
((You are resistant to electric shocks. (rElec)))
((You can survive without breathing.))
You are immune to petrification.
You are immune to rotting.


Message History

The orc hits you but does no damage.
You hit the orc but do no damage. You drain the orc.
You kill the orc!
The orc hits you but does no damage. The adder bites you.
* * * LOW HITPOINT WARNING * * *
You cannot move.
You barely miss the orc. The adder bites you but does no damage.
The orc hits you but does no damage. The orc completely misses you.
You hit the orc.
The orc is lightly wounded.
The adder bites you but does no damage. The orc hits you but does no damage.
You hit the orc. You drain the orc.
You kill the orc!
The adder barely misses you. The orc barely misses you.
The orc priest hits you but does no damage.
The adder barely misses you.
You cannot move.
You hit the orc priest but do no damage.
The orc hits you with a +0 dagger.
You die...

...#..# ...#..#
######### .. #..#
#.......# ####..#
####.#####.###
......#####............#
....^............###.#.#
###########.##.#.#......
#.##.#o#......
#.##.#♣o.# #.##.#So.#
###.##.#...#
...........#$....
####.##.#..##.#.# ..
......?....
###......$.....#
######..###### #..#


You could see an orc priest, an adder and 2 orcs.

Vanquished Creatures
  Terence (D:2)
  Robin (D:2)
  2 oozes (D:2)
  A worm (D:2)
  3 leopard geckos
  3 orcs
  4 giant cockroaches (D:1)
  11 goblins
  11 hobgoblins
  7 jackals (D:2)
  5 kobolds
  A quokka (D:2)
  2 ball pythons
  9 bats
  4 frilled lizards
  A quokka skeleton (D:2)
  8 rats
74 creatures vanquished.

Notes
Turn   | Place    | Note
-------+----------+-------------------------------------------
     0 | D:1      | Aske the Gargoyle Gladiator began the quest for the Orb.
     0 | D:1      | Reached XP level 1. HP: 12/12 MP: 1/1
    98 | D:1      | Reached XP level 2. HP: 18/18 MP: 2/2
   633 | D:1      | Reached XP level 3. HP: 20/22 MP: 3/3
   711 | D:2      | Reached skill level 1 in Armour
   989 | D:2      | Reached XP level 4. HP: 25/27 MP: 4/4
  1231 | D:2      | Found a shimmering altar of Xom.
  1231 | D:2      | Found a shimmering altar of Xom.
  1231 | D:2      | Found a shimmering altar of Xom.
  1231 | D:2      | Found a shimmering altar of Xom.
  1232 | D:2      | Found a shimmering altar of Xom.
  1549 | D:2      | Noticed Robin
  1559 | D:2      | Killed Robin
  1719 | D:2      | Noticed Terence
  1741 | D:2      | Killed Terence
  1741 | D:2      | Reached XP level 5. HP: 27/32 MP: 5/5
  1909 | D:3      | Found a hide-covered altar of Uskayaw.
  1980 | D:3      | HP: 1/32 [orc (3)]
  1987 | D:3      | Slain by an orc

Levels and vault maps discovered:
D:1:      lemuel_arrival_funnel, layout_basic, minmay_worlds_worst_comb
D:2:      layout_loops_corners, xom_redecorated, uniq_robin, uniq_terence
D:3:      layout_loops_ring, lemuel_tele_altar

Skill      XL: |  1  2  3  4 |
---------------+-------------+-----
Long Blades    | 3 |  3.6
Armour         | 1 2 |  2.0
Dodging        | 3 |  3.3
Fighting       | 3 |  3.0
Throwing       | |  1.7

Action                   |  1- 3 |  4- 6 || total
-------------------------+-------+-------++-------
Melee: Long sword        |    72 |       ||    72
       Dagger            |    50 |   136 ||   186
  Use: Potion            |       |     6 ||     6
 Stab: Sleeping          |     1 |     1 ||     2
  Eat: Chunk             |       |     4 ||     4
Armor: Leather armour    |    54 |    71 ||   125
       Skin              |       |     7 ||     7
Dodge: Dodged            |    95 |   140 ||   235
       Rpst.: Long sword |    18 |       ||    18

Table legend:
 A = Non-vault XP
 B = Vault XP
 C = Vault XP percentage of total XP
 D = Non-vault monster count
 E = Vault monster count
 F = Vault count percentage of total count
                 A         B        C        D         E       F
            +---------+---------+-------+---------+---------+-------
      Total |     111 |      81 |  42.2 |      57 |      17 |  23.0
            +---------+---------+-------+---------+---------+-------
        D:1 |      26 |       8 |  23.5 |      16 |       4 |  20.0
        D:2 |      71 |      73 |  50.7 |      35 |      13 |  27.1
        D:3 |      14 |       0 |   0.0 |       6 |       0 |   0.0
            +---------+---------+-------+---------+---------+-------
